 Dungeon Crawl Stone Soup version 0.27-a0-279-gdfb9265905 (webtiles) character file.

Game seed: 15932440015208529523

2366 Anon1729 the Carver (level 9, 0/80 (84) HPs)
             Began as a Palentonga Wanderer on Feb 8, 2021.
             Was a Follower of Okawaru.
             Slain by an orc warrior
             ... wielding a +1 hand axe of flaming
              (1 damage)
             ... on level 7 of the Dungeon.
             The game lasted 00:11:19 (7840 turns).

Anon1729 the Carver (Palentonga Wanderer)           Turns: 7840, Time: 00:11:21

HP:   0/80 (84)     AC: 17    Str: 22    XL:     9   Next: 21%
MP:   9/9           EV:  8    Int: 11    God:    Okawaru [*.....]
Gold: 413           SH:  0    Dex:  8    Spells: 8/8 levels left

rFire    . . .     SeeInvis +   G - +4 scimitar
rCold    . . .     Faith    .   (no shield)
rNeg     . . .     Spirit   .   b - +2 scale mail
rPois    .         Reflect  .   m - +0 helmet
rElec    .         Harm     .   (no cloak)
rCorr    .         Rampage  .   (no gloves)
Will     .....                  (no barding)
Stlth    ..........             g - amulet of magic regeneration
HPRegen  0.23/turn              (no ring)
MPRegen  0.36/turn              (no ring)

@: lightly drained, curled up
A: large, rugged brown scales 3, see invisible, deformed body, roll 1, armoured
tail, reflexive curl
a: Rolling Charge, Renounce Religion, Heroism


You were on level 7 of the Dungeon.
You worshipped Okawaru.
Okawaru was aware of your devotion.
You visited 2 branches of the dungeon, and saw 9 of its levels.

You collected 413 gold pieces.

Inventory:

Hand Weapons
 G - a +4 scimitar (weapon)
Missiles
 c - 32 poisoned darts (quivered)
Armour
 b - a +2 scale mail (worn)
 m - a +0 helmet (worn)
Jewellery
 g - an amulet of magic regeneration (around neck)
Wands
 x - a wand of paralysis (8)
Scrolls
 i - a scroll of teleportation
 j - a scroll of magic mapping
 l - 2 scrolls of blinking
 o - 3 scrolls of enchant armour
 q - 2 scrolls of remove curse
Potions
 e - a potion of berserk rage
 f - a potion of magic {unknown}
 h - 2 potions of attraction {unknown}
 k - 5 potions of curing
 n - 2 potions of might {unknown}
 t - a potion of lignification {unknown}
 w - a potion of invisibility {unknown}
 z - 2 potions of brilliance {unknown}
 A - a potion of degeneration {unknown}
 B - 2 potions of heal wounds {unknown}
 C - a potion of resistance {unknown}
 D - a potion of haste


   Skills:
 + Level 7.3 Fighting
 * Level 10.0 Long Blades
 - Level 1.0 Throwing
 - Level 3.5 Armour
 - Level 1.0 Dodging
 - Level 1.0 Shields


You had 8 spell levels left.
You didn't know any spells.
Your spell library was empty.

Dungeon Overview and Level Annotations

Branches:
Dungeon (8/15)             Temple (1/1) D:6
   Lair: D:8-11

Altars:
Ashenzari
Cheibriados
Dithmenos
Fedhas
Gozag
Hepliaklqana
Kikubaaqudgha
Makhleb
Nemelex Xobeh
Okawaru
Ru
Sif Muna
Trog
Uskayaw
Vehumet
Wu Jian
Xom
Yredelemnul
The Shining One

Shops:
D:6 *(

Annotations:
D:3 3 runed translucent doors, WasteTime5's ghost, amateur DsGl


Innate Abilities, Weirdness & Mutations

You are completely covered in rugged brown scales. (AC +3, +7% HP)
You have supernaturally acute eyesight. (SInv)
Armour fits poorly on your strangely shaped body.
You can roll at nearby foes to attack.
You have a long armoured tail.
You curl defensively after being hit.


Message History

The orc warrior closely misses you.
You riposte.
You closely miss the orc warrior.
You climb upwards.
There is a stone staircase leading down here.
You slash the orc warrior!
You tail-slap the orc warrior, but do no damage.
The orc warrior is heavily wounded.
The orc warrior hits you with a +1 hand axe of flaming!
* * * LOW HITPOINT WARNING * * *
The orc warrior burns you.
* * * LOW HITPOINT WARNING * * *
You slash the orc warrior!
The orc warrior is almost dead.
You hit the orc warrior but do no damage.
Your tail-slap misses the orc warrior.
The orc warrior is almost dead.
The orc warrior hits you with a +1 hand axe of flaming!
* * * LOW HITPOINT WARNING * * *
The orc warrior burns you.
You die...

#...########.## #..###
##...# #..####.... #..#.#
##..# ##### ###..#.## ##.#
#.... #....#..## #.###....
###..####..# #...>....
#.....# ##.# ##.....###
#.....# #o#######..###....
#.....# #@#.......## ####.
#.....# #.#..^....# #####
#.....####.#.......####)...
#.....#......<.))#.#....###
########.......)..#....###
#................)#.##.####
#...................##....##
#.......([........#######..[
#.................# ####


You could see an orc warrior.

Vanquished Creatures
  2 orc warriors (D:7)
  A water moccasin (D:6)
  An ice beast (D:8)
  5 sky beasts
  A black bear (D:4)
  A centaur (D:7)
  A big kobold (D:5)
  3 bullfrogs (D:6)
  A scorpion (D:4)
  7 wights
  2 howler monkeys
  A centaur zombie (D:6)
  4 hounds
  A bullfrog skeleton (D:5)
  An orc priest (D:3)
  Ijyb (D:4)
  An orc wizard (D:7)
  Natasha (thrice) (D:2)
  3 worker ants
  A hound skeleton (D:4)
  A howler monkey skeleton (D:4)
  A worker ant zombie (D:5)
  A gnoll (D:1)
  7 adders
  2 white imps (D:5)
  An ufetubus (D:8)
  2 oozes
  An adder skeleton (D:4)
  3 worms
  5 dart slugs
  7 leopard geckos
  11 orcs
  3 ball pythons
  4 giant cockroaches
  8 goblins
  9 hobgoblins
  5 jackals
  12 kobolds
  4 quokkas
  5 bats
  8 frilled lizards
  8 rats
149 creatures vanquished.

Vanquished Creatures (others)
  2 plants
2 creatures vanquished.

Grand Total: 151 creatures vanquished

Notes
Turn   | Place    | Note
-------+----------+-------------------------------------------
     0 | D:1      | Anon1729 the Palentonga Wanderer began the quest for the
                  | Orb.
     0 | D:1      | Anon1729 set off with the following items: a +0 falchion, a
                  | +2 scale mail, 7 poisoned darts, a +0 dagger
     0 | D:1      | Reached XP level 1. HP: 18/18 MP: 1/1
   105 | D:1      | Reached XP level 2. HP: 23/25 MP: 2/2
   273 | D:1      | Reached skill level 2 in Long Blades
   275 | D:1      | Reached XP level 3. HP: 26/32 MP: 3/3
   900 | D:2      | Reached XP level 4. HP: 26/39 MP: 4/4
  1025 | D:2      | Found a shadowy altar of Dithmenos.
  1103 | D:2      | Reached skill level 3 in Long Blades
  1248 | D:2      | Noticed Natasha
  1257 | D:2      | Killed Natasha
  1460 | D:2      | Noticed Natasha
  1472 | D:2      | HP: 1/40 [Natasha (5)]
  1473 | D:2      | Killed Natasha
  1943 | D:2      | Found a hazy altar of Hepliaklqana.
  2093 | D:2      | Noticed Natasha
  2095 | D:2      | Reached XP level 5. HP: 48/48 MP: 5/5
  2101 | D:2      | Killed Natasha
  2116 | D:2      | Reached skill level 4 in Long Blades
  2317 | D:3      | Found a runed translucent gate.
  2318 | D:3      | Found a runed translucent gate.
  2318 | D:3      | Found a runed translucent gate.
  2322 | D:3      | Noticed WasteTime5's ghost (amateur DsGl)
  2567 | D:3      | Found a burning altar of Makhleb.
  3410 | D:3      | Reached XP level 6. HP: 24/55 MP: 6/6
  3611 | D:4      | Found a broken altar of Ashenzari.
  3638 | D:4      | Found a hide-covered altar of Uskayaw.
  3660 | D:4      | Reached skill level 5 in Long Blades
  3858 | D:4      | Found a bloodstained altar of Trog.
  3883 | D:4      | Found a radiant altar of Vehumet.
  3912 | D:4      | Noticed Ijyb
  3927 | D:4      | Killed Ijyb
  4136 | D:4      | Found a shimmering blue altar of Sif Muna.
  4264 | D:5      | Entered Level 5 of the Dungeon
  4373 | D:5      | Gained mutation: You curl defensively after being hit.
                  | [Palentonga growth]
  4373 | D:5      | Reached XP level 7. HP: 64/64 MP: 7/7
  4471 | D:5      | Reached skill level 6 in Long Blades
  5328 | D:6      | Found Gozag's Platinum Reserve.
  5332 | D:6      | Found an opulent altar of Gozag.
  5342 | D:6      | Reached skill level 5 in Fighting
  5417 | D:6      | Found a staircase to the Ecumenical Temple.
  5421 | D:6      | Reached skill level 7 in Long Blades
  5478 | Temple   | Entered the Ecumenical Temple
  5622 | D:6      | Reached XP level 8. HP: 71/73 MP: 8/8
  5668 | D:6      | Reached skill level 8 in Long Blades
  5817 | D:6      | Found Wuligam's Hydra Hut.
  5819 | D:6      | Noticed a five-headed hydra
  5927 | D:6      | Found an iron altar of Okawaru.
  6050 | D:6      | Became a worshipper of Warmaster Okawaru
  6359 | D:7      | HP: 3/75 [orc warrior/+3 trident (5)]
  6675 | D:6      | Reached skill level 9 in Long Blades
  7338 | D:7      | Reached * piety under Okawaru
  7339 | D:7      | Reached XP level 9. HP: 74/84 MP: 9/9
  7560 | D:7      | Found a sparkling altar of Nemelex Xobeh.
  7827 | D:8      | Reached skill level 10 in Long Blades
  7840 | D:7      | HP: 1/80 [orc warrior/+1 hand axe of flaming (14)]
  7840 | D:7      | Slain by an orc warrior

Illustrated notes

Levels and vault maps discovered:
D:1:      dpeg_arrival_rooms_a, layout_rooms, serial_bayou_pond_a
D:2:      layout_basic, nzn_hepliaklqana_mist_gate,
          nicolae_dithmenos_shadow_blocks, serial_glass, glass_columns_b,
          glass_columns_b, item_on_display_a, due_unseen_surprise, uniq_natasha
D:3:      layout_basic, overflow_temple_1_default, ebering_ghost_rock_garden
D:4:      layout_rooms, old_standard_altar, old_standard_altar,
          eat_drink_and_be_merry_uskayaw, nicolae_overflow_crystal_walls,
          lemuel_blue_sif_altar, uniq_ijyb
D:5:      layout_loops_ring
D:6:      layout_basic, nicolae_gozag_zags_fifth_avenue, okawaru_gym_becter,
          minmay_temple_entry_trees, minmay_misc_feat_doors,
          minmay_misc_feat_secret_circle, doesnt_shop_hydraphobe
D:7:      layout_rooms, lemuel_coloured_pillars_altar
D:8:      layout_basic, elyvilon_altar_3, lemuel_round_altar
Temple:   nicolae_temple_figure_zero

Skill      XL: |  1  2  3  4  5  6  7  8  9 |
---------------+----------------------------+-----
Long Blades    | 2 3 4 5 7 9 10 | 10.0
Fighting       | 3 4 5 7 |  7.3
Throwing       | |  1.0
Armour         | |  3.5
Dodging        | |  1.0
Shields        | |  1.0

Action                   |  1- 3 |  4- 6 |  7- 9 || total
-------------------------+-------+-------+-------++-------
Melee: Falchion          |   113 |   193 |       ||   306
       Tailslap          |    14 |    33 |    30 ||    77
       Long sword        |       |    61 |   264 ||   325
       Scimitar          |       |       |    16 ||    16
 Abil: Rolling Charge    |       |       |     1 ||     1
  Use: Potion            |       |       |     1 ||     1
       Scroll            |       |       |    12 ||    12
Armor: Scale mail        |    96 |   171 |   135 ||   402
Dodge: Dodged            |    68 |   118 |   108 ||   294
       Rpst.: Falchion   |    28 |    26 |       ||    54
       Long sword        |       |    11 |    33 ||    44
       Scimitar          |       |       |     1 ||     1

Table legend: (Time is in decaauts)
 A = Elapsed time spent in this place.
 B = Non-inter-level travel time spent in this place.
 C = Inter-level travel time spent in this place.
 D = Time resting spent in this place.
 E = Time spent auto-exploring this place.
 F = Levels seen in this place.
 G = Mean time per level.
                   A        B        C        D        E       F      G
               +--------+--------+--------+--------+--------+-----+--------+
         Total |   7897 |   7615 |    282 |   1142 |   5263 |   9 |  877.4 |
       Dungeon |   7774 |   7503 |    271 |   1142 |   5150 |   8 |  971.8 |
        Temple |    123 |    113 |     10 |      0 |    113 |   1 |  123.0 |
               +--------+--------+--------+--------+--------+-----+--------+

Top non-repeatable levels by time:
     D:2: 1447 daAuts
     D:3: 1314 daAuts
     D:6: 1175 daAuts
     D:5: 1072 daAuts
     D:7: 957 daAuts
     D:1: 798 daAuts
     D:4: 760 daAuts
     D:8: 248 daAuts
  Temple: 123 daAuts
